 Dungeon Crawl Stone Soup version 0.28-a0-465-ge2dae52223 (webtiles) character file.

Game seed: 8967144247200079389

1111 Spaninq the Fighter (level 8, 0/71 HPs)
             Began as a Gnoll Wanderer on Sept 14, 2021.
             Slain by an iron imp (7 damage)
             ... summoned by Eustachio
             ... on level 5 of the Dungeon.
             The game lasted 00:21:37 (5919 turns).

Spaninq the Fighter (Gnoll Wanderer)                Turns: 5919, Time: 00:21:38

Health: 0/71       AC:  5    Str: 12    XL:     8   Next: 33%
Magic:  21/21      EV: 13    Int: 11    God:
Gold:   192        SH:  0    Dex: 14    Spells: 11/13 levels left

rFire   . . .      SeeInvis .   a - +2 quarterstaff
rCold   . . .      Faith    .   (shield currently unavailable)
rNeg    . . .      Spirit   .   m - +0 leather armour
rPois   .          Reflect  .   (no helmet)
rElec   .          Harm     .   (no cloak)
rCorr   .          Rampage  .   q - +0 pair of gloves
Will    .....                   d - +0 pair of boots
Stlth   ++........              (no amulet)
HPRegen 0.21/turn               u - ring of magical power
MPRegen 0.17/turn               (no ring)

@: hasted, very quick
A: fangs 1, strong nose, distributed training
a: no special abilities


You were on level 5 of the Dungeon.
You visited 1 branch of the dungeon, and saw 5 of its levels.

You collected 192 gold pieces.

Inventory:

Hand Weapons
 a - a +2 quarterstaff (weapon)
Missiles
 e - 190 stones
 i - 26 poisoned darts (quivered)
Armour
 d - a +0 pair of boots (worn)
 m - a +0 leather armour (worn)
 o - a +0 buckler
 q - a +0 pair of gloves (worn)
Jewellery
 u - a ring of magical power (left hand)
Wands
 c - a wand of paralysis (3)
 t - a wand of charming (4)
Scrolls
 g - 3 scrolls of fear
 h - 2 scrolls of teleportation {unknown}
 l - 3 scrolls of enchant weapon
 n - a scroll of summoning
Potions
 b - a potion of curing
 k - a potion of haste
 p - a potion of brilliance
 r - a potion of resistance


   Skills:
 + Level 9.1 Fighting
 + Level 3.2 Short Blades
 + Level 3.2 Long Blades
 + Level 3.2 Axes
 + Level 3.2 Maces & Flails
 + Level 3.2 Polearms
 + Level 5.6 Staves
 + Level 3.2 Slings
 + Level 3.2 Bows
 + Level 3.2 Crossbows
 + Level 4.1 Throwing
 + Level 4.1 Armour
 + Level 4.1 Dodging
 + Level 4.0 Stealth
 + Level 3.2 Shields
 + Level 3.2 Unarmed Combat
 + Level 3.2 Spellcasting
 + Level 2.6 Conjurations
 + Level 2.6 Hexes
 + Level 2.6 Summonings
 + Level 2.6 Necromancy
 + Level 2.6 Translocations
 + Level 2.6 Transmutations
 + Level 2.6 Fire Magic
 + Level 2.6 Ice Magic
 + Level 2.6 Air Magic
 + Level 2.6 Earth Magic
 + Level 2.6 Poison Magic
 + Level 3.5 Invocations
 + Level 3.2 Evocations


You had 11 spell levels left.
You knew the following spells:

 Your Spells              Type           Power      Damage    Failure   Level
a - Scorch                Fire           14%        2d5       17%         2

Your spell library contained the following spells:

 Spells                   Type           Power      Damage    Failure   Level
 Flame Wave               Conj/Fire      7%         3d4       75%         4
 Summon Cactus Giant      Summ           3%         N/A       100%        6


Dungeon Overview and Level Annotations

Branches:
Dungeon (5/15)
 Temple: D:4-7

Altars:
Okawaru
Trog
Vehumet

Shops:
D:2 (

Annotations:
D:2 Terence
D:3 exclusion: statue
D:4 exclusion: door
D:5 1 runed translucent door, Crazy Yiuf, Eustachio


Innate Abilities, Weirdness & Mutations

You have very sharp teeth.
Your uncanny sense of smell can sniff out nearby items.
Your experience applies equally to all skills.


Message History

You hit Eustachio.
Eustachio is almost dead.
The river rat bites you.
You hit Eustachio but do no damage. You bite Eustachio, but do no damage.
Eustachio is almost dead.
Eustachio hits you but does no damage. The river rat bites you.
You hit Eustachio but do no damage.
Eustachio is almost dead.
Eustachio casts a spell.
The river rat misses you. Eustachio hits you with a +0 rapier!
The shadow imp shouts!
You hit Eustachio but do no damage.
Eustachio is almost dead.
You hear an angry hiss.
The river rat bites you.
* * * LOW HITPOINT WARNING * * *
Eustachio barely misses you.
You feel yourself speed up. The iron imp hits you.
* * * LOW HITPOINT WARNING * * *
The river rat closely misses you. Eustachio hits you with a +0 rapier.
* * * LOW HITPOINT WARNING * * *
You closely miss Eustachio.
Eustachio is severely wounded.
The iron imp closely misses you. The river rat barely misses you.
You hit Eustachio. You bite Eustachio, but do no damage.
Eustachio is almost dead.
Eustachio casts a spell.
Eustachio blinks!
You barely miss Eustachio. You bite Eustachio.
Eustachio is almost dead.
The iron imp hits you.
* * * LOW HITPOINT WARNING * * *
The river rat bites you.
* * * LOW HITPOINT WARNING * * *
Eustachio gestures wildly while chanting.
Eustachio blinks!
You closely miss Eustachio.
Eustachio is almost dead.
The iron imp hits you!
You die...

### #.##########
#....5.5r@r# #.########b#
#5#....r5#.# #.#.####@#.#
#.#.# #@#.# #.#.# #5#.#
#ยง#.# 55#.# #.#r######.#
#.#......#.#######
#........#.....).#
###############..#######.#
......>......# .#.......#


You could see Eustachio, 2 iron imps, a quasit (summoned), a river rat
(summoned) and a shadow imp.

Vanquished Creatures
  Menkaure (D:4)
  Duvessa (D:4)
  An ogre (D:5)
  A necrophage (D:4)
  A bullfrog (D:5)
  A scorpion (D:5)
  Dowan (D:4)
  A howler monkey (D:4)
  2 hounds
  An orc priest (D:5)
  Ijyb (D:5)
  4 iguanas
  3 orc wizards
  A scorpion zombie (D:5)
  3 gnolls
  An adder (D:5)
  An ufetubus (D:3)
  A worm (D:4)
  5 dart slugs
  10 orcs
  10 endoplasms
  3 giant cockroaches
  9 goblins
  6 hobgoblins
  7 jackals
  3 quokkas
  8 ball pythons
  10 bats
  2 frilled lizards
  7 kobolds
  5 rats
111 creatures vanquished.

Vanquished Creatures (others)
  A sky beast (D:5)
1 creature vanquished.

Grand Total: 112 creatures vanquished

Notes
Turn   | Place    | Note
-------+----------+-------------------------------------------
     0 | D:1      | Spaninq the Gnoll Wanderer began the quest for the Orb.
     0 | D:1      | Spaninq set off with the following items: a +2
                  | quarterstaff, a potion of curing, a potion of
                  | lignification, a +0 robe
     0 | D:1      | Reached XP level 1. HP: 26/26 MP: 1/1
   169 | D:1      | Reached XP level 2. HP: 27/33 MP: 2/2
   570 | D:1      | Reached XP level 3. HP: 38/38 MP: 3/3
   813 | D:2      | Reached skill level 1 in Invocations
   886 | D:2      | Found Quugosh's Weapon Shop.
   964 | D:2      | Found a faded altar of an unknown god.
   978 | D:2      | Reached skill level 1 in Short Blades
   978 | D:2      | Reached skill level 1 in Long Blades
   978 | D:2      | Reached skill level 1 in Axes
   978 | D:2      | Reached skill level 1 in Maces & Flails
   978 | D:2      | Reached skill level 1 in Polearms
   978 | D:2      | Reached skill level 1 in Slings
   978 | D:2      | Reached skill level 1 in Bows
   978 | D:2      | Reached skill level 1 in Crossbows
   978 | D:2      | Reached skill level 1 in Shields
   978 | D:2      | Reached skill level 1 in Unarmed Combat
   978 | D:2      | Reached skill level 1 in Spellcasting
   978 | D:2      | Reached skill level 1 in Evocations
  1102 | D:2      | Learned a level 2 spell: Scorch
  1175 | D:2      | Noticed Terence
  1339 | D:2      | Reached XP level 4. HP: 41/45 MP: 5/5
  1917 | D:3      | Found a radiant altar of Vehumet.
  1935 | D:3      | Noticed a frost-covered statue
  2058 | D:3      | Found an iron altar of Okawaru.
  2083 | D:3      | Reached skill level 1 in Conjurations
  2083 | D:3      | Reached skill level 1 in Hexes
  2083 | D:3      | Reached skill level 1 in Summonings
  2083 | D:3      | Reached skill level 1 in Necromancy
  2083 | D:3      | Reached skill level 1 in Translocations
  2083 | D:3      | Reached skill level 1 in Transmutations
  2083 | D:3      | Reached skill level 1 in Fire Magic
  2083 | D:3      | Reached skill level 1 in Ice Magic
  2083 | D:3      | Reached skill level 1 in Air Magic
  2083 | D:3      | Reached skill level 1 in Earth Magic
  2083 | D:3      | Reached skill level 1 in Poison Magic
  2552 | D:3      | Reached XP level 5. HP: 39/51 MP: 5/7
  3791 | D:4      | Found a bloodstained altar of Trog.
  3864 | D:4      | Noticed Duvessa
  3864 | D:4      | Noticed Dowan
  3882 | D:4      | Killed Duvessa
  3883 | D:4      | Reached skill level 5 in Staves
  3883 | D:4      | Reached XP level 6. HP: 57/57 MP: 9/9
  3886 | D:4      | Killed Dowan
  4035 | D:4      | Noticed Menkaure
  4048 | D:4      | Killed Menkaure
  4049 | D:4      | Reached XP level 7. HP: 32/63 MP: 10/10
  4381 | D:4      | Noticed a steam dragon
  4716 | D:5      | Entered Level 5 of the Dungeon
  4790 | D:5      | Reached skill level 9 in Fighting
  4954 | D:5      | Noticed Ijyb
  4955 | D:5      | Paralysed by Ijyb for 6 turns
  4972 | D:5      | Killed Ijyb
  4993 | D:5      | Reached XP level 8. HP: 43/71 MP: 12/12
  5617 | D:5      | Found a runed translucent door.
  5618 | D:5      | Noticed Crazy Yiuf
  5840 | D:5      | Noticed Eustachio
  5919 | D:5      | Slain by an iron imp

Illustrated notes

Levels and vault maps discovered:
D:1:      dpeg_arrival_lava_temple_mockup, layout_basic, minmay_misc_feat_chi
D:2:      layout_basic, shapermc_ecumenical_altar_starsandcircs, serial_shops,
          shop, uniq_terence
D:3:      minmay_evil_eye, layout_basic, okawaru_altar_gauntlet_db,
          vehumet_statue, serial_park_tiny_pond
D:4:      minmay_chambers_of_fours, layout_loops_ring, bloody_trog,
          uniq_duvessa, uniq_menkaure
D:5:      minmay_chambers_of_threes, layout_basic, feat_on_display,
          uniq_crazy_yiuf_cottage, uniq_eustachio, uniq_ijyb

Skill      XL: |  1  2  3  4  5  6  7  8 |
---------------+-------------------------+-----
Invocations    | 1 2 3 |  3.5
Short Blades   | 1 2 3 |  3.2
Long Blades    | 1 2 3 |  3.2
Axes           | 1 2 3 |  3.2
Maces & Flails | 1 2 3 |  3.2
Polearms       | 1 2 3 |  3.2
Slings         | 1 2 3 |  3.2
Bows           | 1 2 3 |  3.2
Crossbows      | 1 2 3 |  3.2
Shields        | 1 2 3 |  3.2
Unarmed Combat | 1 2 3 |  3.2
Spellcasting   | 1 2 3 |  3.2
Evocations     | 1 2 3 |  3.2
Conjurations   | 1 2 |  2.6
Hexes          | 1 2 |  2.6
Summonings     | 1 2 |  2.6
Necromancy     | 1 2 |  2.6
Translocations | 1 2 |  2.6
Transmutations | 1 2 |  2.6
Fire Magic     | 1 2 |  2.6
Ice Magic      | 1 2 |  2.6
Air Magic      | 1 2 |  2.6
Earth Magic    | 1 2 |  2.6
Poison Magic   | 1 2 |  2.6
Throwing       | 3 4 |  4.1
Armour         | 3 4 |  4.1
Dodging        | 3 4 |  4.1
Staves         | 5 |  5.6
Stealth        | 3 4 |  4.0
Fighting       | 9 |  9.1

Action                   |  1- 3 |  4- 6 |  7- 9 || total
-------------------------+-------+-------+-------++-------
Melee: Quarterstaff      |    88 |   142 |   156 ||   386
       Bite              |     5 |     9 |    20 ||    34
 Cast: Scorch            |       |     5 |       ||     5
  Use: Scroll            |       |     7 |     3 ||    10
       Potion            |       |     4 |     1 ||     5
 Stab: Sleeping          |     8 |     3 |     5 ||    16
Armor: Robe              |    19 |    20 |       ||    39
       Leather armour    |       |     9 |    32 ||    41
       Skin              |       |     6 |       ||     6
Dodge: Dodged            |    63 |    82 |    76 ||   221

Table legend: (Time is in decaauts)
 A = Elapsed time spent in this place.
 B = Non-inter-level travel time spent in this place.
 C = Inter-level travel time spent in this place.
 D = Time resting spent in this place.
 E = Time spent auto-exploring this place.
 F = Levels seen in this place.
 G = Mean time per level.
                   A        B        C        D        E       F      G
               +--------+--------+--------+--------+--------+-----+--------+
         Total |   5941 |   5718 |    223 |   1397 |   2786 |   5 | 1188.2 |
       Dungeon |   5941 |   5718 |    223 |   1397 |   2786 |   5 | 1188.2 |
               +--------+--------+--------+--------+--------+-----+--------+

Top non-repeatable levels by time:
     D:3: 1668 daAuts
     D:5: 1206 daAuts
     D:4: 1140 daAuts
     D:2: 965 daAuts
     D:1: 961 daAuts
